 Dungeon Crawl Stone Soup version 0.28-a0-439-g4cf4cd4993 (console) character file.

Game seed: 4491527503843382827

3900 Morrissey the Frost Mage (level 10, -5/78 HPs)
             Began as a White Draconian Ice Elementalist on Sept 11, 2021.
             Was a Believer of Vehumet.
             Slain by Erica (6 damage)
             ... on level 8 of the Dungeon.
             The game lasted 00:18:19 (10942 turns).

Morrissey the Frost Mage (DrIE)                    Turns: 10942, Time: 00:18:20

Health: -5/78      AC:  7    Str: 10    XL:     10   Next: 0%
Magic:  16/22      EV: 12    Int: 19    God:    Vehumet [**....]
Gold:   367        SH:  0    Dex: 18    Spells: 15/26 levels left

rFire   . . .      SeeInvis .   a - +3 trident (freeze)
rCold   + . .      Faith    .   (no shield)
rNeg    + . .      Spirit   .   (armour unavailable)
rPois   .          Reflect  .   (helmet restricted)
rElec   .          Harm     .   x - scarf {repulsion}
rCorr   .          Rampage  .   (no gloves)
Will    .....                   (no boots)
Stlth   ++........              (no amulet)
HPRegen 0.23/turn               s - ring of positive energy
MPRegen 0.18/turn               A - +6 ring of dexterity

@: lethally poisoned (-5 -> -16), short of breath, freezing walls, slowed, repel
missiles, very slow
A: breathe frost, AC +7, unfitting armour, cold resistance 1, cold-blooded
a: Breathe Frost, Renounce Religion


You were on level 8 of the Dungeon.
You worshipped Vehumet.
Vehumet was pleased with you.
You visited 2 branches of the dungeon, and saw 9 of its levels.
You also visited: Sewer and Ossuary.

You collected 367 gold pieces.

Inventory:

Hand Weapons
 a - a +3 trident of freezing (weapon)
 g - a +0 dagger
 y - a +2 whip of electrocution
Armour
 p - a scarf of shadows
 x - a scarf of repulsion (worn)
Magical Staves
 G - a staff of fire
Jewellery
 s - a ring of positive energy (left hand)
 A - a +6 ring of dexterity (right hand)
 I - a ring of magical power
Wands
 o - a wand of polymorph (15)
 q - a wand of flame (6)
 H - a wand of charming (8)
 J - a wand of iceblast (16)
Scrolls
 b - 4 scrolls of enchant weapon {unknown}
 c - a scroll of fear {unknown}
 d - a scroll of noise {unknown}
 h - 3 scrolls of teleportation
 i - 3 scrolls of amnesia
 l - 3 scrolls of holy word
 n - 3 scrolls of immolation {unknown}
 r - a scroll of magic mapping {unknown}
 t - 2 scrolls of blinking {unknown}
 w - 2 scrolls of vulnerability {unknown}
 F - a scroll of silence {unknown}
Potions
 e - 3 potions of flight
 f - 4 potions of invisibility
 j - 4 potions of haste
 k - 5 potions of brilliance
 m - 3 potions of cancellation {unknown}
 u - a potion of degeneration {unknown}
 v - 3 potions of attraction
 z - 2 potions of curing
 B - 4 potions of heal wounds {unknown}
 C - 2 potions of resistance
 D - a potion of magic {unknown}
 E - 5 potions of might {unknown}


   Skills:
 + Level 3.6 Fighting
 + Level 3.2 Polearms
 - Level 1.7 Dodging
 - Level 1.7 Stealth
 - Level 8.8 Spellcasting
 + Level 1.4 Conjurations
 * Level 12.1 Ice Magic


You had 15 spell levels left.
You knew the following spells:

 Your Spells              Type           Power      Damage    Failure   Level
a - Freeze                Ice            100%       1d11      1%          1
b - Frozen Ramparts       Ice            100%       1d12      1%          3
c - Ozocubu's Armour      Ice            53%        N/A       1%          3
d - Hailstorm             Conj/Ice       34%        3d9       4%          4

Your spell library contained the following spells:

 Spells                   Type           Power      Damage    Failure   Level
 Scorch                   Fire           16%        2d5       13%         2
 Ensorcelled Hibernation  Hex/Ice        62%        N/A       1%          2
 Summon Ice Beast         Ice/Summ       31%        N/A       7%          4
 Call Canine Familiar     Summ           8%         N/A       26%         3
 Portal Projectile        Hex/Tloc       16%        N/A       26%         3
 Tukima's Dance           Hex            8%         N/A       26%         3
 Leda's Liquefaction      Hex/Erth       4%         N/A       63%         4
 Passage of Golubria      Tloc           N/A        N/A       63%         4
 Summon Mana Viper        Hex/Summ       8%         N/A       93%         5
 Yara's Violent Unravell  Hex/Tmut       4%         3d4       93%         5
 Monstrous Menagerie      Summ           4%         N/A       100%        7


Dungeon Overview and Level Annotations

Branches:
Dungeon (8/15)             Temple (1/1) D:5           Sewer (visited)
Ossuary (visited)
   Lair: D:8-11

Altars:
Ashenzari
Cheibriados
Dithmenos
Gozag
Hepliaklqana
Makhleb
Okawaru
Qazlal
Sif Muna
Trog
Uskayaw
Vehumet
Wu Jian
Xom
Yredelemnul
Zin
The Shining One

Shops:
D:1 ((*=   D:2 [   D:5 :(   D:7 (

Annotations:
D:4 1 exclusion
D:6 exclusion: wight
D:8 Erica


Innate Abilities, Weirdness & Mutations

You can breathe waves of freezing cold which knock back foes.
Your icy white scales are hard. (AC +7)
You cannot fit into any form of body armour.
Your flesh is cold resistant. (rC+)
You are cold-blooded and may be slowed by cold attacks.


Message History

You feel yourself slow down.
Casting: Frozen Ramparts (safe; 1% risk of failure)
Confirm with . or Enter, or press ? or * to list all spells.
You don't know that spell.
Casting: Frozen Ramparts (safe; 1% risk of failure)
Confirm with . or Enter, or press ? or * to list all spells.
Aiming: Freeze (safe; 1% risk of failure)
Press: ? - help, Shift-Dir - straight line You freeze something.
The wall freezes something.
Something hits you! Something burns you.
Casting: Freeze (safe; 1% risk of failure)
Confirm with . or Enter, or press ? or * to list all spells.
Aiming: Freeze (safe; 1% risk of failure)
Press: ? - help, Shift-Dir - straight line You freeze something.
The wall freezes something.
Something hits you! Something burns you.
* * * LOW HITPOINT WARNING * * *
The wall freezes something.
Something hits you!
* * * LOW HITPOINT WARNING * * *
Something burns you.
* * * LOW HITPOINT WARNING * * *
Casting: Freeze (safe; 1% risk of failure)
Confirm with . or Enter, or press ? or * to list all spells.
Aiming: Freeze (safe; 1% risk of failure)
Press: ? - help, Shift-Dir - straight line You freeze something.
The wall freezes something.
You hear some strange, mumbled words.
A bolt of poison appears from out of thin air!
The bolt of poison hits you!!
You are poisoned.
* * * LOW HITPOINT WARNING * * *
Casting: Freeze (safe; 1% risk of failure)
Confirm with . or Enter, or press ? or * to list all spells.
Aiming: Freeze (safe; 1% risk of failure)
Press: ? - help, Shift-Dir - straight line You freeze something.
* * * LOW HITPOINT WARNING * * *
You feel very sick.
The wall freezes something.
Something hits you.
You die...

...# #.##.#...
##.#####.##.....
.. #..........###
.# #######.##.# .#
#.##.#####.##
####...........
#....#####.##.#
#.##.# #.##{##.###
#.##.# #..@...?...
#.##.# #.#.###.###
#.##.#####.#.###..
#.##..............
#.(.....####.####.
##.####.# #...
#.####.# #####
#......# ########


There were no monsters in sight!

Vanquished Creatures
  A wyvern (D:7)
  6 yaks (D:5)
  A water moccasin (D:7)
  A sky beast (D:7)
  2 black bears
  2 necrophages
  A centaur (D:8)
  3 ogres
  3 kobold brigands (Sewer)
  2 elf zombies (Ossuary)
  A bullfrog (D:7)
  A wyvern zombie (D:7)
  5 scorpions
  3 wights
  8 centaur zombies (Ossuary)
  2 human zombies (Ossuary)
  2 quasits (D:5)
  A jelly (D:5)
  An orc priest (D:5)
  3 hounds
  2 centaur skeletons
  2 iguanas
  Ijyb (D:5)
  A scorpion zombie (D:4)
  Natasha (thrice) (D:3)
  3 orc wizards
  The ghost of Marsius the Covert, a weakling GnDe (D:5)
  3 mummies (Ossuary)
  A howler monkey skeleton (D:6)
  3 gnolls (D:7)
  7 adders
  3 river rats (Sewer)
  An adder skeleton (D:4)
  2 worms (D:2)
  4 dart slugs
  11 orcs
  9 ball pythons
  2 bat zombies (D:1)
  5 endoplasms
  3 giant cockroaches
  13 goblins
  10 hobgoblins
  4 jackals (D:1)
  5 quokkas
  8 bats
  4 frilled lizards
  19 kobolds
  30 rats
209 creatures vanquished.

Vanquished Creatures (others)
  2 plants (D:2)
2 creatures vanquished.

Grand Total: 211 creatures vanquished

Notes
Turn   | Place    | Note
-------+----------+-------------------------------------------
     0 | D:1      | Morrissey the Draconian Ice Elementalist began the quest
                  | for the Orb.
     0 | D:1      | Reached XP level 1. HP: 14/14 MP: 3/3
   142 | D:1      | Found Ceic's Antique Weapon Shoppe.
   221 | D:1      | Reached XP level 2. HP: 20/20 MP: 5/5
   263 | D:1      | Found Heesusha's Antique Weapon Emporium.
   456 | D:1      | Found Wudohape's General Store.
   838 | D:1      | Reached XP level 3. HP: 18/26 MP: 4/7
   968 | D:1      | Learned a level 3 spell: Frozen Ramparts
   972 | D:1      | Learned a level 3 spell: Ozocubu's Armour
  1179 | D:1      | Found Sasuzxov's Jewellery Shop.
  1904 | D:2      | Found a faded altar of an unknown god.
  2044 | D:2      | Found Nusurahi's Antique Armour Emporium.
  2204 | D:2      | Reached XP level 4. HP: 29/33 MP: 4/8
  2653 | D:2      | Reached skill level 5 in Ice Magic
  3088 | D:3      | Noticed Natasha
  3099 | D:3      | Killed Natasha
  3381 | D:3      | Found a glowing golden altar of the Shining One.
  3433 | D:3      | Noticed Natasha
  3438 | D:3      | Killed Natasha
  3439 | D:3      | Reached XP level 5. HP: 38/38 MP: 3/10
  3614 | D:3      | Noticed Natasha
  3653 | D:3      | Killed Natasha
  4525 | D:4      | Reached skill level 6 in Ice Magic
  4525 | D:4      | Reached XP level 6. HP: 40/45 MP: 8/12
  4840 | D:4      | Found a sand-covered staircase.
  4849 | Ossuary  | Entered an ossuary
  5014 | Ossuary  | Reached skill level 5 in Spellcasting
  5018 | Ossuary  | Your scales start taking on an icy white colour.
  5018 | Ossuary  | Reached skill level 8 in Ice Magic
  5018 | Ossuary  | Reached XP level 7. HP: 44/50 MP: 6/14
  5018 | Ossuary  | Gained mutation: Your flesh is cold resistant. (rC+) [White
                  | Draconian growth]
  5624 | D:4      | Reached skill level 9 in Ice Magic
  5649 | D:5      | Entered Level 5 of the Dungeon
  5868 | D:5      | Found Imyor's Self-Improvement Boutique.
  5874 | D:5      | Found a transporter.
  6046 | D:5      | Noticed a yak
  6046 | D:5      | Noticed Marsius's ghost (weakling GnDe)
  6046 | D:5      | Noticed a yak
  6047 | D:5      | Noticed a yak
  6047 | D:5      | Noticed a yak
  6048 | D:5      | Noticed a yak
  6051 | D:5      | Noticed a yak
  6055 | D:5      | Killed a yak
  6056 | D:5      | Reached XP level 8. HP: 56/57 MP: 7/17
  6060 | D:5      | Reached skill level 10 in Ice Magic
  6086 | D:5      | Found a staircase to the Ecumenical Temple.
  6094 | Temple   | Entered the Ecumenical Temple
  6235 | Temple   | Became a worshipper of Vehumet
  6243 | D:5      | Found an opulent altar of Gozag.
  6686 | D:5      | Learned a level 4 spell: Hailstorm
  6705 | D:5      | Reached XP level 9. HP: 58/63 MP: 20/20
  6792 | D:5      | Reached skill level 1 in Fighting
  6845 | D:5      | Reached skill level 1 in Polearms
  6845 | D:5      | Reached skill level 11 in Ice Magic
  7148 | D:5      | Found Aklemp's Antique Weapon Shoppe.
  7256 | D:5      | Found a shimmering blue altar of Sif Muna.
  7297 | D:5      | Found a transporter.
  7318 | D:5      | Killed Marsius's ghost
  7710 | D:5      | Noticed Ijyb
  7859 | D:5      | Killed Ijyb
  8218 | D:6      | Found a glowing drain.
  8235 | Sewer    | Entered a sewer
  8263 | Sewer    | Reached * piety under Vehumet
  8263 | Sewer    | Offered knowledge of Sandblast by Vehumet.
  8666 | Sewer    | Reached ** piety under Vehumet
  8666 | Sewer    | Offered knowledge of Scorch by Vehumet.
  9042 | D:6      | Found a broken altar of Ashenzari.
  9998 | D:7      | Found Paomong's Antique Weapon Boutique.
 10105 | D:7      | Reached skill level 1 in Conjurations
 10105 | D:7      | Reached skill level 12 in Ice Magic
 10526 | D:8      | Found a basalt altar of Yredelemnul.
 10747 | D:8      | Reached XP level 10. HP: 66/78 MP: 18/22
 10933 | D:8      | Noticed Erica
 10942 | D:8      | HP: 1/78 [poisoned by Erica (bolt of poison)]
 10942 | D:8      | Slain by Erica

Illustrated notes

Levels and vault maps discovered:
D:1:      saegor_arrival_fortress, layout_basic, serial_shops, shop,
          nicolae_shop_behind_doors, shop, nicolae_shop_trees, minmay_cut_off
D:2:      cheibrodos_greedy_goblins, layout_basic, serial_shops,
          nicolae_shop_overgrown_old_shop, shapermc_ecumenical_altar_ellora
D:3:      layout_basic, nicolae_overflow_hidden_temple, kennysheep_potato,
          uniq_natasha
D:4:      layout_loops_ring, lemuel_mausoleum_altar_kikubaaqudgha,
          lightli_ossuary_entry_decrepit_ruins
D:5:      cheibrodos_helix_gallery, layout_cave_pods, grunt_gozag_statues,
          lemuel_crystal_altar, minmay_temple_entry_statues_fountains,
          gammafunk_ghost_stat_death, serial_shops, kennysheep_mini,
          minmay_misc_feat_four_crosses, nicolae_shop_self_help, uniq_ijyb
D:6:      layout_rooms, nicolae_ashenzari_skybound, portal_sewer_entry_b
D:7:      layout_cave_pools, serial_shops, shop
D:8:      layout_loops_ring, kennysheep_little_box, serial_rivers,
          chequers_serial_rivers_micro_e, chequers_serial_rivers_micro_c,
          chequers_serial_rivers_large_a, chequers_serial_rivers_micro_a,
          uniq_erica
Temple:   nicolae_temple_x_marks_the_god

Skill      XL: |  1  2  3  4  5  6  7  8  9 |
---------------+----------------------------+-----
Spellcasting   | 3 4 5 6 7 8 |  8.8
Ice Magic      | 5 6 8 9 10 12 | 12.1
Fighting       | 3 |  3.6
Polearms       | 3 |  3.2
Conjurations   | 1 |  1.4
Dodging        | |  1.7
Stealth        | |  1.7

Action                   |  1- 3 |  4- 6 |  7- 9 | 10-12 || total
-------------------------+-------+-------+-------+-------++-------
Melee: Unarmed           |    13 |     7 |       |       ||    20
       Tailslap          |     8 |     4 |    27 |       ||    39
       Dagger            |    58 |       |       |       ||    58
       Whip              |    23 |    63 |    88 |       ||   174
       Trident           |       |       |   185 |     1 ||   186
 Cast: Freeze            |    59 |    50 |    63 |     4 ||   176
       Frozen Ramparts   |       |     5 |    22 |     1 ||    28
       Ozocubu's Armour  |       |     2 |    16 |       ||    18
 Abil: Breathe Frost     |       |       |    11 |     1 ||    12
Evoke: Wand              |       |       |     3 |       ||     3
  Use: Scroll            |       |       |     9 |       ||     9
       Potion            |       |       |     3 |       ||     3
 Stab: Sleeping          |     1 |       |     3 |       ||     4
       Distracted        |       |       |     2 |       ||     2
Armor: Skin              |    49 |    48 |   147 |       ||   244
Dodge: Dodged            |    98 |    76 |   224 |       ||   398

Table legend: (Time is in decaauts)
 A = Elapsed time spent in this place.
 B = Non-inter-level travel time spent in this place.
 C = Inter-level travel time spent in this place.
 D = Time resting spent in this place.
 E = Time spent auto-exploring this place.
 F = Levels seen in this place.
 G = Mean time per level.
                   A        B        C        D        E       F      G
               +--------+--------+--------+--------+--------+-----+--------+
         Total |  11013 |  10818 |    195 |   1347 |   7622 |  11 | 1001.2 |
       Dungeon |   9706 |   9515 |    191 |   1257 |   6825 |   8 | 1213.2 |
        Temple |    145 |    141 |      4 |      0 |    132 |   1 |  145.0 |
         Sewer |    596 |    596 |      0 |      0 |    385 |   1 |  596.0 |
       Ossuary |    564 |    564 |      0 |     90 |    280 |   1 |  564.0 |
               +--------+--------+--------+--------+--------+-----+--------+

Top non-repeatable levels by time:
     D:5: 1823 daAuts
     D:2: 1498 daAuts
     D:1: 1442 daAuts
     D:3: 1327 daAuts
     D:4: 1192 daAuts
     D:7: 1074 daAuts
     D:6: 911 daAuts
   Sewer: 596 daAuts
 Ossuary: 564 daAuts
     D:8: 435 daAuts
  Temple: 145 daAuts
